Cogmind - Beta 17 @@@ ROGUE MODE // 2026.07.03 @ 23:05:50 Player: Pitt Result: Destroyed by L-31 Rogue with Katana Performance ------------- Evolutions (1) 500 Regions Visited (2) 400 Robots Destroyed (25) 125 Value Destroyed (456) 456 Prototype IDs (0) 0 Alien Tech Used (0) 0 Bonus (0) 0 TOTAL SCORE: 1481 Bonus ------- None Cogmind --------- Core Integrity 0/400 Matter 290/300 Energy 99/100 System Corruption 11% Temperature Hot (211) Movement Core (250) Ox4 Location -9/Materials Parts ------- > --- POWER (1) -------- (None) > --- PROPULSION (2) --- (None) > --- UTILITY (4) ------ Medium Storage Unit Terrain Scan Processor Seismic Detector > --- WEAPON (2) ------- Katana > --- INVENTORY (10) --- Hover Unit Heat Sink Improved Terrain Scanner Transport Network Coupler EM Shotgun Light Assault Rifle Mining Laser Peak State ------------ > --- POWER ------------ Light Ion Engine > --- PROPULSION ------- Wheel Wheel > --- UTILITY ---------- Medium Storage Unit Improved Terrain Scanner Terrain Scan Processor Seismic Detector > --- WEAPON ----------- Heavy Assault Rifle Katana > --- INVENTORY -------- Hover Unit Heat Sink Transport Network Coupler EM Shotgun Light Assault Rifle Mining Laser [Rating: 15] Favorites ----------- Power Light Ion Engine Engine Light Ion Engine Propulsion Compact Wheel Wheel Compact Wheel Utility Improved Terrain Scanner Device Improved Terrain Scanner Storage Medium Storage Unit Processor Terrain Scan Processor Hackware Hacking Suite Protection Light Armor Plating Weapon Light Assault Rifle Ballistic Gun Light Assault Rifle Special Weapon Mining Laser Slashing Weapon Katana Build | -11 -10 -9 ------- Run | Yrd Mat Mat Slots Evolved 2 | . . 2 Power . | . . . Propulsion . | . . . Utility 2 | . . 2 Weapon . | . . . Parts Attached 23 | 9 8 6 Power 3 | 1 2 . Engine 3 | 1 2 . Core . | . . . Reactor . | . . . Propulsion 5 | 2 2 1 Treads . | . . . Leg . | . . . Wheel 5 | 2 2 1 Hover . | . . . Flight . | . . . Utility 10 | 4 3 3 Device 5 | 4 . 1 Storage 2 | . 2 . Processor 1 | . . 1 Hackware 1 | . . 1 Protection 1 | . 1 . Artifact . | . . . Weapon 5 | 2 1 2 Energy Gun . | . . . Energy Cannon . | . . . Ballistic Gun 3 | 2 . 1 Ballistic Cannon . | . . . Launcher . | . . . Special Weapon 1 | . 1 . Impact Weapon . | . . . Slashing Weapon 1 | . . 1 Piercing Weapon . | . . . Special Melee Weapon . | . . . Unidentified Prototypes . | . . . Parts Lost 12 | . 3 9 Power 2 | . 1 1 Propulsion 4 | . 1 3 Utility 4 | . 1 3 Weapon 2 | . . 2 Highest Loss Streak 4 | . 2 4 To Critical Strikes . | . . . Average Backups 6 | 3 6 8 Power . | . . . Propulsion 1 | . 1 1 Utility 2 | 1 2 4 Weapon 1 | 1 2 2 Tool/Special . | . . . Unused Backups 10 | 2 3 5 Power . | . . . Propulsion 2 | 1 . 1 Utility 5 | . 3 2 Weapon 3 | 1 . 2 Tool/Special . | . . . Average Slot Usage (%) 91 | . 93 88 Engine 12 | . 14 10 Wheel 22 | . 23 20 Device 11 | . 12 9 Storage 9 | . 9 11 Processor 2 | . . 8 Hackware 1 | . . 4 Protection 4 | . 5 2 Ballistic Gun 22 | . 24 18 Special Weapon 2 | . 3 . Peak Build Rating 15 | 9 10 15 Average Rating 8 | 7 8 11 On Entrance 6 | . 9 10 Avg Prop Armor Cover (%) . | . . . Naked Turns . | . . . Heaviest Build 19 | 7 18 19 Greatest Support 32 | 32 32 20 Greatest Overweight (x) 1 | . 1 1 Average Overweight (x) . | . . . Largest Inventory Capacity 10 | 5 10 10 Average Capacity 7 | 5 7 10 Most Carried 10 | 5 10 10 Average Carried 6 | 3 6 8 Final Capacity 10 | 5 10 10 Final Carried 10 | 5 10 7 Class Distribution -------------------- 69% | Mutant 30% | Scavenger-Mutant Dominant Class ---------------- Mutant | -10/Materials Scavenger-Mutant | -9/Materials Resources | -11 -10 -9 ----------- Run | Yrd Mat Mat Matter Collected 659 | 357 199 103 Remotely . | . . . Salvage Created 619 | 190 328 101 Parts 66 | 25 34 7 Haulers Intercepted 1 | . 1 . Recyclers Shooed 2 | 1 1 . Parts Field Recycled . | . . . Retrieved Matter . | . . . Parts Self-Destructed . | . . . Prevented . | . . . Parts Restored . | . . . Kills | -11 -10 -9 ------- Run | Yrd Mat Mat Combat Hostiles Destroyed 13 | . 11 2 Melee 1 | . . 1 Guns 6 | . 5 1 AOE 6 | . 6 . Classes Destroyed 8 | 1 6 1 Worker 1 | . 1 . Builder 1 | . 1 . Tunneler 8 | 8 . . Hauler 1 | . 1 . Operator 1 | . 1 . Swarmer 5 | . 5 . Grunt 7 | . 6 1 Sentry 1 | . . 1 Best Kill Streak 8 | 3 8 1 Combat Bots Only 8 | . 8 1 Max Kills in Single Turn 6 | 1 6 1 Gunslinging . | . . . Exploded 6 | . 6 . Melee 1 | . . 1 Uniques/NPCs Destroyed . | . . . Combat | -11 -10 -9 -------- Run | Yrd Mat Mat Hostile Shots Fired 92 | . 56 36 Missed 18 | . 14 4 Hits 74 | . 42 32 Melee 14 | . . 14 Projectile 60 | . 42 18 Critical Strikes 4 | . . 4 Damage Taken 1654 | . 591 1063 Core 549 | . 139 410 Absorbed by Shields . | . . . Core Remaining (%) 72 | 100 44 . Volleys Fired 102 | 46 40 16 Largest 2 | 2 2 2 Hottest 100 | 40 100 100 Shots Fired 197 | 92 80 25 Gun 190 | 92 79 19 Cannon . | . . . Launcher . | . . . Special 7 | . 1 6 Kinetic 190 | 92 79 19 Thermal 7 | . 1 6 Explosive . | . . . Electromagnetic . | . . . Robot Hit Streak 17 | 8 6 17 Robot Miss Streak 8 | 8 3 . Penetration Max . | . . . Secondary Targets . | . . . Shots Hit Robots 123 | 48 49 26 Core Hits 45 | 16 22 7 Critical Kills 1 | 1 . . Critical Parts Destroyed 1 | 1 . . Critical Strikes 2 | 2 . . Destroy 2 | 2 . . Melee Attacks 16 | . . 16 Impact . | . . . Slashing 16 | . . 16 Piercing . | . . . Sneak Attacks . | . . . Combat Hostiles . | . . . Follow-up Attacks . | . . . Damage Inflicted 1810 | 363 1032 415 Guns 901 | 363 404 134 Cannons . | . . . Explosions 628 | . 628 . Melee 281 | . . 281 Ramming . | . . . Kinetic 901 | 363 404 134 Thermal 628 | . 628 . Explosive . | . . . Electromagnetic . | . . . Impact . | . . . Slashing 281 | . . 281 Piercing . | . . . Highest Corruption 11 | . 3 11 Average Corruption 5 | . 2 11 Corruption Purged . | . . . Corruption Blocked . | . . . Effects 6 | . 3 3 Matter Fused 1 | . . 1 Heat Flow Errors 1 | . . 1 Energy Discharges 2 | . 1 1 Misfires 1 | . 1 . Alerts 1 | . 1 . Overload Shots . | . . . Overflow Damage 172 | . 172 . Projectiles . | . . . Explosions 172 | . 172 . Melee . | . . . Knockbacks . | . . . Impact . | . . . Kinetic . | . . . Secondary . | . . . Self-Inflicted Damage 175 | . 175 . Shots 2 | . 2 . Rammed . | . . . Targets Rammed . | . . . Kicked . | . . . Crushed . | . . . Highest Temperature 237 | . 42 237 Average Temperature 23 | . 13 48 Received Heat Transfer 258 | . 147 111 Siege Activations . | . . . Martial Activations . | . . . Shielding Activations . | . . . Robots Disrupted . | . . . Combat Hostiles . | . . . Robots Corrupted . | . . . Combat Hostiles . | . . . Parts Fried . | . . . Impact Corruptions . | . . . Robots Melted . | . . . Combat Hostiles . | . . . Parts Melted . | . . . Heat Transferred 350 | . 350 . Parts Sabotaged . | . . . Parts Stolen . | . . . Parts Stripped . | . . . Power Chain Reactions . | . . . Alert | -11 -10 -9 ------- Run | Yrd Mat Mat Maximum Alert Level 1 | . 1 . Low Security (%) 78 | 100 55 100 Level 1 21 | . 44 . Level 2 . | . . . Level 3 . | . . . Level 4 . | . . . Level 5 . | . . . High Security . | . . . Max Security . | . . . Peak Influence 257 | 10 257 61 Initial 61 | . . 61 Average 72 | 1 139 12 Influence Increases 496 | 40 404 52 Destroy 0b10 Robot/C 260 | . 220 40 Destroy 0b10 Robot/NC 60 | 40 20 . Destroy Leader 62 | . 52 10 Disable Machine 45 | . 45 . Destroy Structure 39 | . 37 2 Lose Combat Pursuer 30 | . 30 . Influence Decreases 496 | 40 259 197 Entered New Map 84 | . . 84 Time Decay 369 | 40 229 100 Lost Part 43 | . 30 13 Squads Dispatched 2 | . 2 . Investigation . | . . . Extermination . | . . . Reinforcement 2 | . 2 . Assault . | . . . Garrison . | . . . Intercept . | . . . Searches Triggered . | . . . Construction Impeded . | . . . Haulers Reinforced . | . . . Active Scanning Responses . | . . . Cargo Convoy Interrupts . | . . . Stealth | -11 -10 -9 --------- Run | Yrd Mat Mat Distress Signals . | . . . Communications Jammed . | . . . Distress Signals . | . . . Times Spotted 23 | . 18 5 Peak Tracking Total 6 | . 6 2 Tactical Retreats 2 | . 2 . Traps | -11 -10 -9 ------- Run | Yrd Mat Mat Traps Triggered 2 | . 2 . Indirectly . | . . . Trap Hack Attempts . | . . . Triggered . | . . . Disarmed . | . . . Reprogrammed . | . . . Reused . | . . . Traps Extracted . | . . . Installed . | . . . Triggered . | . . . Machines | -11 -10 -9 ---------- Run | Yrd Mat Mat Machines Disabled 3 | . 3 . Max in Single Turn 2 | . 2 . Machines Repaired . | . . . Machines Dismantled . | . . . Machines Sabotaged . | . . . Overloaded Fab Kills . | . . . Hacking | -11 -10 -9 --------- Run | Yrd Mat Mat Machines Accessed 1 | . . 1 Terminals 1 | . . 1 Fabricators . | . . . Repair Stations . | . . . Recycling Units . | . . . Scanalyzers . | . . . Garrison Access . | . . . Total Hacks 2 | . . 2 Successful . | . . . Failed 2 | . . 2 Catastrophic . | . . . Database Lockouts . | . . . Manual 2 | . . 2 Terminals 2 | . . 2 Fabricators . | . . . Repair Stations . | . . . Recycling Units . | . . . Scanalyzers . | . . . Garrison Access . | . . . Terminal Hacks . | . . . Fabricator Hacks . | . . . Repair Station Hacks . | . . . Recycling Unit Hacks . | . . . Scanalyzer . | . . . Garrison Access Hacks . | . . . Unauthorized Hacks . | . . . Terminals . | . . . Fabricators . | . . . Repair Stations . | . . . Recycling Units . | . . . Scanalyzers . | . . . Garrison Access . | . . . Data Cores Recovered . | . . . Used . | . . . Hacking Detections 1 | . . 1 Full Trace Events . | . . . Feedback Events . | . . . Feedback Blocked . | . . . Robot Schematics Acquired . | . . . Robots Built . | . . . Authchips . | . . . Time . | . . . Total Robot Build Rating . | . . . Part Schematics Acquired . | . . . Parts Built . | . . . Authchips . | . . . Time . | . . . Total Part Build Rating . | . . . Part Studies Acquired . | . . . Parts Repaired . | . . . Time . | . . . Parts Recycled . | . . . Recycled Matter . | . . . Retrieved Matter . | . . . Retrieved Components . | . . . Parts Scanalyzed . | . . . Part Schematics Acquired . | . . . Parts Damaged . | . . . Bothacking | -11 -10 -9 ------------ Run | Yrd Mat Mat Used RIF Installer . | . . . Robots Hacked . | . . . Non-combat . | . . . Combat . | . . . Robot Hacks Applied . | . . . Relay Couplers Released . | . . . Fabnet Peak Effective % . | . . . Robots Rewired . | . . . Allies Hacked . | . . . Hacks Repelled . | . . . Allies | -11 -10 -9 -------- Run | Yrd Mat Mat Total Allies . | . . . Largest Group . | . . . Highest-Rated Group . | . . . Highest-Rated Ally . | . . . Total Orders . | . . . Ally Attacks . | . . . Total Damage . | . . . Kills . | . . . Allies Corrupted . | . . . Allies Melted . | . . . Intel | -11 -10 -9 ------- Run | Yrd Mat Mat Active Infowar (turns) 1183 | 213 610 360 Terrain 941 | 202 467 272 Structural 22 | . . 22 Seismic 448 | 213 168 67 Robot Analysis Total . | . . . Derelict Logs Recovered . | . . . Drone Launches . | . . . Drone Recoveries . | . . . Exploration | -11 -10 -9 ------------- Run | Yrd Mat Mat Turns Passed 1526 | 354 750 422 Spaces Moved 633 | 216 350 67 Core 9 | 9 . . Treads . | . . . Legs . | . . . Wheels 624 | 207 350 67 Hover . | . . . Flight . | . . . Fastest Speed 50 | 50 80 80 Average Speed 97 | 97 99 83 Slowest Speed 115 | 100 115 95 Overloaded Moves . | . . . Propulsion Burnouts . | . . . Robots Hopped . | . . . Potential Cave-ins 2 | . . 2 Cave-ins Triggered 1 | . . 1 Exploration Rate (%) 19 | 7 42 8 Regions Visited 2 Branch Regions . Pre-discovered Areas . | . . . Known Exits Taken . | . . . Unknown Exits Taken 2 | 1 1 . Scrap Searched . | . . . Spaces Dug 6 | . . 6 Terrain Destroyed 54 | . 48 6 Melee . | . . . Projectile 6 | . . 6 AOE 48 | . 48 . Terrain Rammed . | . . . Walls Destroyed . | . . . Machines Disabled . | . . . Actions | -11 -10 -9 --------- Run | Yrd Mat Mat Total 1341 | 282 684 375 Wait 527 | . 270 257 Move 631 | 215 349 67 Hop . | . . . Pick Up 21 | 8 10 3 Fast Attach 11 | 6 2 3 Attach 10 | 1 2 7 Detach 3 | . 1 2 Swap 12 | 2 7 3 Drop 8 | 4 3 1 Fire 102 | 46 40 16 Melee 16 | . . 16 Ram . | . . . Kick . | . . . Crush . | . . . Escape Stasis . | . . . Rewire . | . . . Trap . | . . . Miscellaneous . | . . . Route ------- -11/Scrapyard -10/Materials (discovered 2 exits: *Mat / [*Min]) -9/Materials History --------- Turn | Location | Event 5 | -11/Scrapyard | Discovered new exit (range 14) 355 | -11/Scrapyard | Entered Materials 356 | -10/Materials | Build established: Mutant 649 | -10/Materials | Destroyed 8 combat bots 779 | -10/Materials | Discovered new exit (range 15) 780 | -10/Materials | Discovered new exit (range 13) 806 | -10/Materials | Core integrity fell below 50% 1105 | -10/Materials | Entered another Materials area 1105 | -9/Materials | Evolved 2 slots: Utility x2 1336 | -9/Materials | Build established: Scavenger-Mutant 1433 | -9/Materials | Crushed by falling debris 1433 | -9/Materials | Core integrity fell below 50% 1433 | -9/Materials | System corruption reached 10% 1464 | -9/Materials | Lost 3 parts (1n1u1w) 1508 | -9/Materials | Core integrity fell below 20% 1527 | -9/Materials | Destroyed by L-31 Rogue with Katana Last Messages --------------- 01433_ Wheel destroyed. 01433_ System corrupted by crushing effect (+4). 01433_ Lgt. Assault Rifle destroyed. 01433_ System corrupted by crushing effect (+2). 01446_ Connecting with Terminal... 01446_ Current location identified: Materials 01469_ System corrupted: Energy discharge (-35). 01475_ Lgt. Armor Plating destroyed. 01475_ Critical hit (Burn: +37). 01480_ K-01 Serf collects debris. 01484_ Y-45 Defender destroyed. 01486_ K-01 Serf collects debris. 01487_ Acquired 50 matter. 01489_ Acquired Hvy. Assault Rifle. 01503_ System corrupted: Matter fused (-7). 01512_ Wheel destroyed. 01514_ Lgt. Ion Engine destroyed. 01517_ Wheel destroyed. 01525_ System corrupted: Heat flow error (+257). 01527_ Hvy. Assault Rifle destroyed. Map ----- +----------------------------------------------------+ | ??????????????????????????????????? | | ??????????????????????????????????? | | ??????????????????????????????????? | | ??????????????????????????????????? | | ??????????????????????????????????? | | ??????????????????????????????????? | | ??????????????????????????????????? | | ??????????????????????????????????? | | ??????????????????????????????????? | | ??????????????????????????????????? | | ??????????????????????????????????? | | ??????????????????????????????????? | | ??????????????????????????????????? | | ??????????????????????????????????? | | ??????????????????????????????????? | | ??????????????????????????????????? | | ??????##??????????????????????????? | | ???#### ######????????????????????? | | ???# #????????????????????? | | ???# ###?+????????????????? | | ???#^ # ???????????????????? | | ???# +????????????????????? | | ???#"" g#????????????????????? | | ???#"T #????? ????????????? | | ??##""^ #???? ?????????????? | | ???# @ #? ? ?????????????? | | ?????######l###? ????????????? | | ??????###?# #?# ?????????????? | | ????#?##### ### " "???????????? | | ???####??## ### """ ?"??????????? | | ??#?#######%### """ T" ?????????? | | ?######## =! # """ "" ????????? | | #######?# """ "" ???????? | | ######### T ??????? | | ?######## ?????? | | #??#?#### ###+### ??????? | | ?###########"###? ? #########?????? | | ??##?####?## ### ?#?#######?????? | | #########?## ## ?#####?##?????? | | ################?? #?#?#####?????? | | ############"###??? #####?#?#?????? | | ##?### #####?#########?????? | | ###### """ %#### ? ? ? ?#?????? | | ###### """ #### """ ##?????? | | ###### """%=#### ? """"?##?????? | | #?#?## =[ + ?# "?"""##?????? | | ###### """ ####? """""##?????? | | #??### """ #### ? """ ???????? | | ###?## """ #### #??????? | | ###### #### ? ???????? | +----------------------------------------------------+ Best States ------------- Heat Dissipation 28 Energy Generation 10 Energy Capacity 125 Matter Stores 300 Matter Capacity 300 Sight Range 16 Terrain Scan Range 16 Terrain Scan Density 85 Armor Coverage 150 Evasion (%) 44 Offensive Hacking 10 Item Schematics ----------------- None Robot Schematics ------------------ None Fabricated ------------ Nothing Repaired ---------- Nothing Studied --------- None Alien Tech Used ----------------- None Achievements -------------- None Challenges ------------ None Game ------ Seed RelaySkeletonFacilitator Manual? 0 Play Time 00:13:56 Cumulative 262.5 hours Start 2026.07.03 @ 22:52:31 End 2026.07.03 @ 23:05:50 Sessions 1 Manual Loads 0 Difficulty Rogue Special Mode None Game No. 408 Rogue 408 Adventurer 0 Explorer 0 Win Type - Total 0 Types 0/0/0/0/0/0/0/0/0/0 Lore% 51 Gallery% 50 Achievement% 31 Wizard Run 0 Options --------- Layout 0 ASCII 0 Keyboard 0 Movement Mouse Keybinds 0 Fullscreen 1 Font 18/SmallcapsGlow Map View 76x50 Zoom Use 0% Tactical HUD 1 Map Filters NONE Filters NONE Steam 1 RUN: 5d1a6da5-f5cf-49c4-a0d8-f33e805ec968